 Dungeon Crawl Stone Soup version 0.25-a0-1036-g6f112fb28d (webtiles) character file.

Game seed: 15947887801166235661, levelgen mode: deterministic

44 Maedhros the Sneak (level 3, -3/23 HPs)
             Began as an Octopode Artificer on May 13, 2020.
             Slain by an orc
             ... wielding a +0 dagger
              (4 damage)
             ... on level 4 of the Dungeon.
             The game lasted 00:01:32 (331 turns).

Maedhros the Sneak (Octopode Artificer)              Turns: 331, Time: 00:01:32

Health: -3/23      AC:  1    Str: 11    XL:     3   Next: 60%
Magic:  5/5        EV:  7    Int: 13    God:
Gold:   33         SH:  0    Dex: 13    Spells: 2/2 levels left

rFire    . . .     SeeInvis .   a - +0 short sword
rCold    . . .     Gourm    .   (no shield)
rNeg     . . .     Faith    .   (helmet restricted)
rPois    .         Spirit   .   (no amulet)
rElec    .         Reflect  .   (no ring)
rCorr    .         Harm     .   (no ring)
MR       .....                  (no ring)
Stlth    +++.......             (no ring)
HPRegen  0.07/turn              (no ring)
MPRegen  0.09/turn              (no ring)
                                (no ring)
                                (no ring)

@: brilliant, held
A: almost no armour, stealthy swim, amphibious, 8 rings, constrict 8, camouflage
1, gelatinous body 1
a: no special abilities


You were on level 4 of the Dungeon.
You were not hungry.

You visited 1 branch of the dungeon, and saw 4 of its levels.

You collected 33 gold pieces.

Inventory:

Hand Weapons
 a - a +0 short sword (weapon)
Missiles
 h - 8 atropa-tipped darts (quivered)
Wands
 b - a wand of flame (14)
 c - a wand of enslavement (12)
 d - a wand of random effects (14)
Scrolls
 e - a scroll of teleportation {unknown}
 g - 2 scrolls of identify {unknown}
Comestibles
 f - 3 rations


   Skills:
 - Level 1.0 Fighting
 - Level 1.0 Short Blades
 - Level 2.0 Dodging
 - Level 4.0 Stealth
 + Level 1.7 Unarmed Combat
 - Level 3.2 Evocations


You had 2 spell levels left.
You didn't know any spells.
Your spell library was empty.

Dungeon Overview and Level Annotations

Branches:
Dungeon (4/15)
 Temple: D:4-7

Altars:
Hepliaklqana
Okawaru


Innate Abilities, Weirdness & Mutations

You cannot wear most types of armour.
You are very stealthy in the water. (Stealth+)
You are amphibious.
You can wear up to eight rings at the same time.
You can use your tentacles to constrict eight enemies at once.
Your skin changes colour to match your surroundings (Stealth+).
Your rubbery body absorbs attacks. (AC +1, EV +1)


Message History

An orc comes into view. It is wielding a +0 dagger.
Something hits the plant but does no damage.
The quokka bites you.
Something bites the plant but does no damage.
Your bullfrog hits the quokka.
The orc wizard hits the plant but does no damage.
Evoke which item? (* to show all) (? for menu, Esc to quit)
Aiming: Enslavement
Press: ? - help, Shift-Dir - straight line, f - quokka, p - bullfrog
Aim: a quokka (moderately wounded, chance to defeat MR: 72%)
The orc struggles to resist.
Your bullfrog barely misses the quokka.
The quokka barely misses you. The orc hits you with a +0 dagger.
* * * LOW HITPOINT WARNING * * *
The orc wizard hits the plant but does no damage.
It was a potion of brilliance.
You feel clever all of a sudden.
Your bullfrog barely misses the quokka.
The quokka bites you.
* * * LOW HITPOINT WARNING * * *
The orc hits you with a +0 dagger.
You die...
P. ..
P♣♣ ♣PP

.♣ P. ♣ P
P.P.
PP♣♣.P.♣Po
#...#
..P.P..
..?......♣..
.(_...#..P♣
..?)....o.♣
#Fr@♣
♣......♣
P..♣.♣...P♣
P.♣. PP
♣P..♣ ♣ .♣♣
.P.♣ ♣.
.♣.P♣ P
♣.P.. .. ...


You could see an orc wizard, an orc, a quokka and a friendly bullfrog (charmed).

Vanquished Creatures
  A gnoll (D:4)
  An adder (D:4)
  A worm (D:3)
  An orc (D:3)
  4 giant cockroaches
  2 hobgoblins (D:3)
  A quokka (D:2)
  A bat (D:2)
  2 kobolds
  2 rats
16 creatures vanquished.

Vanquished Creatures (collateral kills)
  A gnoll (D:4)
1 creature vanquished.

Grand Total: 17 creatures vanquished

Notes
Turn   | Place    | Note
-------+----------+-------------------------------------------
     0 | D:1      | Maedhros the Octopode Artificer began the quest for the
                  | Orb.
     0 | D:1      | Reached XP level 1. HP: 13/13 MP: 3/3
    51 | D:2      | Reached skill level 2 in Stealth
    99 | D:2      | Reached skill level 3 in Stealth
    99 | D:2      | Reached XP level 2. HP: 8/18 MP: 4/4
   119 | D:3      | Found an iron altar of Okawaru.
   322 | D:4      | Found a hazy altar of Hepliaklqana.
   323 | D:4      | Reached skill level 4 in Stealth
   323 | D:4      | Reached skill level 1 in Unarmed Combat
   323 | D:4      | Reached XP level 3. HP: 14/23 MP: 5/5
   324 | D:4      | Noticed a bullfrog
   331 | D:4      | HP: 1/23 [quokka (3)]
   331 | D:4      | Slain by an orc

Illustrated notes

Levels and vault maps discovered:
D:1:      onia_arrival_handbag, layout_loops_ring, minmay_pentomino_u2
D:2:      layout_rooms, nicolae_ru_sacrificial_ziggurat
D:3:      layout_loops_ring, lemuel_doored_altar,
          nicolae_overflow_crystal_walls, first_ration
D:4:      wad_woods_stonehenge, layout_basic, ebering_ghost_inner_flame,
          minmay_manual_mandibuliform

Skill      XL: |  1  2 |
---------------+-------+-----
Stealth        | 3 4 |  4.0
Unarmed Combat | 1 |  1.7
Fighting       | |  1.0
Short Blades   | |  1.0
Dodging        | |  2.0
Evocations     | |  3.2

Action                   || total
-------------------------++-------
Melee: Short sword       ||    26
       Constrict         ||     7
       Tentacles         ||     7
Evoke: Wand              ||     5
  Use: Potion            ||     1
 Stab: Sleeping          ||     3
Armor: Skin              ||     3
Dodge: Dodged            ||     9

Table legend:
 A = Non-vault XP
 B = Vault XP
 C = Vault XP percentage of total XP
 D = Non-vault monster count
 E = Vault monster count
 F = Vault count percentage of total count
                 A         B        C        D         E       F
            +---------+---------+-------+---------+---------+-------
      Total |      28 |      35 |  55.6 |      14 |       3 |  17.6
            +---------+---------+-------+---------+---------+-------
        D:2 |      11 |       0 |   0.0 |       7 |       0 |   0.0
        D:3 |      17 |       0 |   0.0 |       7 |       0 |   0.0
        D:4 |       0 |      35 | 100.0 |       0 |       3 | 100.0
            +---------+---------+-------+---------+---------+-------
